 Dungeon Crawl Stone Soup version 0.27-a0-988-g25969acef8 (webtiles) character file.

Game seed: 13964992352046956675

1334 tardwrangler69 the Geomancer (level 8, 0/85 HPs)
             Began as a White Draconian Earth Elementalist on Apr 15, 2021.
             Slain by a hornet (4 damage)
             ... on level 7 of the Dungeon.
             The game lasted 00:09:51 (9624 turns).

tardwrangler69 the Geomancer (DrEE)                 Turns: 9624, Time: 00:09:52

Health: 0/85       AC:  7    Str: 10    XL:     8   Next: 35%
Magic:  14/15      EV: 12    Int: 17    God:
Gold:   269        SH:  0    Dex: 13    Spells: 8/17 levels left

rFire    . . .     SeeInvis .   k - +1 dagger (speed)
rCold    + . .     Faith    .   (no shield)
rNeg     . . .     Spirit   .   (armour unavailable)
rPois    .         Reflect  .   (helmet restricted)
rElec    .         Harm     .   (no cloak)
rCorr    .         Rampage  .   (no gloves)
Will     .....                  o - +0 pair of boots
Stlth    ..........             (no amulet)
HPRegen  0.24/turn              (no ring)
MPRegen  0.14/turn              (no ring)

@: berserking (expiring), slowed
A: breathe frost, AC +6, unfitting armour, cold resistance 1, cold-blooded
a: Breathe Frost


You were on level 7 of the Dungeon.
You visited 2 branches of the dungeon, and saw 8 of its levels.

You collected 309 gold pieces.
You spent 40 gold pieces at shops.

Inventory:

Hand Weapons
 k - a +1 dagger of speed (weapon)
Missiles
 b - 153 stones
Armour
 o - a +0 pair of boots (worn)
Jewellery
 i - a ring of flight
 s - a +6 ring of dexterity
Wands
 d - a wand of flame (15)
Scrolls
 a - a scroll of fear
 f - a scroll of identify
 n - a scroll of immolation {unknown}
 p - 2 scrolls of enchant armour {unknown}
 q - a scroll of blinking {unknown}
 r - 2 scrolls of teleportation {unknown}
Potions
 c - a potion of might
 e - 2 potions of flight {unknown}
 g - a potion of berserk rage
 h - a potion of haste
 j - a potion of curing {unknown}
 l - a potion of heal wounds {unknown}
 m - a potion of attraction {unknown}


   Skills:
 - Level 1.7 Dodging
 - Level 1.7 Stealth
 - Level 5.0 Spellcasting
 - Level 1.0 Transmutations
 * Level 9.4 Earth Magic


You had 8 spell levels left.
You knew the following spells:

 Your Spells              Type           Power      Damage    Failure   Level
a - Sandblast             Erth           72%        2d16      1%          1
b - Stone Arrow           Conj/Erth      40%        3d9       6%          3
c - Lee's Rapid Deconstr  Erth           18%        3d12*     9%          5

Your spell library contained the following spells:

 Spells                   Type           Power      Damage    Failure   Level
 Passwall                 Tmut/Erth      18%        N/A       2%          2
 Animate Skeleton         Necr           8%         N/A       14%         1
 Apportation              Tloc           8%         N/A       14%         1
 Corona                   Hex            4%         N/A       14%         1
 Freeze                   Ice            16%        1d4       14%         1
 Shock                    Conj/Air       16%        1d4       14%         1
 Summon Small Mammal      Summ           16%        N/A       14%         1
 Petrify                  Tmut/Erth      22%        N/A       17%         4
 Static Discharge         Conj/Air       4%         N/A       22%         2
 Frozen Ramparts          Ice            8%         1d2       38%         3
 Ozocubu's Armour         Ice            4%         N/A       38%         3
 Swiftness                Air            4%         N/A       38%         3
 Airstrike                Air            2%         N/A       80%         4
 Hailstorm                Conj/Ice       4%         3d4       80%         4
 Lightning Bolt           Conj/Air       2%         1d13      98%         5
 Metabolic Englaciation   Hex/Ice        2%         N/A       98%         5


Dungeon Overview and Level Annotations

Branches:
Dungeon (7/15)             Temple (1/1) D:6

Altars:
Cheibriados
Dithmenos
Elyvilon
Fedhas
Makhleb
Nemelex Xobeh
Okawaru
Qazlal
Ru
Sif Muna
Trog
Wu Jian
Xom
Yredelemnul
Zin
The Shining One

Shops:
D:2 ??*=:

Annotations:
D:5 exclusion: oklob plant


Innate Abilities, Weirdness & Mutations

You can breathe waves of freezing cold which knock back foes.
Your icy white scales are hard. (AC +6)
You cannot fit into any form of body armour.
Your flesh is cold resistant. (rC+)
You are cold-blooded and may be slowed by cold attacks.


Message History

You closely miss the hornet.
Your tail-slap misses the hornet.
The hornet is moderately wounded.
You feel sick. The hornet stings you.
You feel as though you will be slow longer.
You closely miss the hornet.
The hornet is moderately wounded.
The hornet stings you.
You feel as though you will be slow longer.
You barely miss the hornet.
The hornet is moderately wounded.
You feel sick.
The hornet stings you but does no damage.
You barely miss the hornet.
The hornet is moderately wounded.
The hornet stings you!
* * * LOW HITPOINT WARNING * * *
You feel as though you will be slow longer.
You barely miss the hornet.
The hornet is moderately wounded.
You feel sick.
You miss the hornet.
The hornet is moderately wounded.
You feel sick.
You are no longer poisoned.
The hornet stings you!
* * * LOW HITPOINT WARNING * * *
You feel as though you will be slow longer.
You barely miss the hornet.
Your tail-slap misses the hornet.
The hornet is moderately wounded.
The hornet stings you.
* * * LOW HITPOINT WARNING * * *
You feel as though you will be slow longer.
You closely miss the hornet.
The hornet is moderately wounded.
The hornet barely misses you.
You are too berserk!
You closely miss the hornet. You tail-slap the hornet.
The hornet is heavily wounded.
The hornet stings you.
You die...

#..............
#....).........
#..........#
#.$........##
#...........#
####........#
#........# ###.....y#
#.....@# #......#
#......# #......#
######.################
#).).)............
##################


You could see a hornet.

Vanquished Creatures
  An orc warrior (D:5)
  2 ogres
  A centaur (D:4)
  Blork the orc (D:5)
  A bullfrog (D:6)
  A water moccasin skeleton (D:5)
  A howler monkey (D:6)
  A bullfrog zombie (D:6)
  2 centaur zombies
  A jelly (D:7)
  A centaur skeleton (D:6)
  2 orc priests
  A gnoll shaman (D:6)
  2 hounds
  5 iguanas
  3 orc wizards
  Ijyb (D:3)
  5 gnolls
  6 adders
  2 white imps
  3 worms
  2 dart slugs (D:3)
  18 orcs
  4 bats
  4 endoplasms
  3 giant cockroaches
  3 hobgoblins
  10 jackals (D:2)
  6 kobolds
  2 quokkas (D:4)
  6 ball pythons
  3 frilled lizards
  9 goblins
  5 rats
  A spectral orc (D:3)
119 creatures vanquished.

Notes
Turn   | Place    | Note
-------+----------+-------------------------------------------
     0 | D:1      | tardwrangler69 the Draconian Earth Elementalist began the
                  | quest for the Orb.
     0 | D:1      | Reached XP level 1. HP: 14/14 MP: 3/3
   543 | D:1      | Reached XP level 2. HP: 20/20 MP: 1/5
  1060 | D:2      | Found Liwepn's Jewellery Emporium.
  1222 | D:2      | Found Zyryunye's Book Emporium.
  1251 | D:2      | Found Qoxtom's Assorted Antiques.
  1546 | D:2      | Found a faded altar of an unknown god.
  1555 | D:2      | Bought a scroll labelled BAUTIBANL HUSU for 20 gold pieces
  1555 | D:2      | Bought a scroll labelled BAUTIBANL HUSU for 20 gold pieces
  1574 | D:2      | Found Myuw's Magic Scroll Shop.
  1798 | D:2      | Reached XP level 3. HP: 24/26 MP: 6/6
  2108 | D:2      | Found Jeuhosaany's Magic Scroll Emporium.
  2143 | D:2      | Reached skill level 4 in Earth Magic
  3329 | D:2      | Reached XP level 4. HP: 33/33 MP: 3/8
  3561 | D:3      | Noticed Ijyb
  3584 | D:3      | Killed Ijyb
  4274 | D:3      | Reached skill level 5 in Earth Magic
  4274 | D:3      | Reached XP level 5. HP: 29/38 MP: 4/9
  4519 | D:3      | Found a basalt altar of Yredelemnul.
  5016 | D:4      | Learned a level 3 spell: Stone Arrow
  5105 | D:4      | Noticed an ogre
  5115 | D:4      | Noticed a centaur
  5697 | D:5      | Entered Level 5 of the Dungeon
  5901 | D:4      | Reached XP level 6. HP: 3/45 MP: 3/11
  6318 | D:5      | Reached skill level 6 in Earth Magic
  6663 | D:5      | Noticed Blork the orc
  6668 | D:5      | Killed Blork the orc
  7003 | D:5      | Found a blossoming altar of Fedhas.
  7029 | D:5      | Noticed an oklob plant
  7404 | D:6      | Your scales start taking on an icy white colour.
  7404 | D:6      | Reached XP level 7. HP: 40/50 MP: 10/13
  7404 | D:6      | Gained mutation: Your flesh is cold resistant. (rC+) [White
                  | Draconian growth]
  7500 | D:6      | Reached skill level 7 in Earth Magic
  7941 | D:6      | Found a staircase to the Ecumenical Temple.
  7990 | D:6      | Reached skill level 5 in Spellcasting
  7990 | D:6      | Reached skill level 8 in Earth Magic
  8584 | D:6      | Reached XP level 8. HP: 57/57 MP: 11/15
  8592 | Temple   | Entered the Ecumenical Temple
  9148 | D:4      | Reached skill level 9 in Earth Magic
  9184 | D:4      | Learned a level 5 spell: Lee's Rapid Deconstruction
  9288 | D:7      | Found a shadowy altar of Dithmenos.
  9304 | D:7      | Found an ornate altar of the Wu Jian Council.
  9601 | D:7      | Noticed a hornet
  9609 | D:7      | Paralysed by a hornet for 3 turns
  9622 | D:7      | HP: 4/85 [hornet (3)]
  9624 | D:7      | Slain by a hornet

Illustrated notes

Levels and vault maps discovered:
D:1:      mrwooster_arrival_arrow, layout_loops_ring
D:2:      layout_basic, serial_shops, shop, nicolae_shop_stone,
          nicolae_shop_waterfront, shop, nicolae_shop_window_shopping,
          basic_ecumenical_altar, minmay_crystal_water
D:3:      minmay_angry_zag, layout_loops_ring,
          yredelemnul_forgotten_temple_becter, uniq_ijyb
D:4:      layout_cave_pools, minmay_misc_feat_columns
D:5:      layout_gridville, tgw_fedhas, minmay_misc_feat_tower,
          grunt_ministairs_12, amcnicky_mini_corridor_feature, st_stairs_11,
          solitary_fountain, corexii_leaking_fountain, uniq_blork_the_orc
D:6:      layout_cave_pods, minmay_temple_entry_stoned_glass
D:7:      layout_basic, nicolae_overflow_quartered_altars,
          nicolae_uskayaw_en_pointe, uniq_joseph
Temple:   hc_temple_tempest_star

Skill      XL: |  1  2  3  4  5  6  7  8 |
---------------+-------------------------+-----
Earth Magic    | 4 5 6 8 9 |  9.4
Spellcasting   | 3 4 5 |  5.0
Dodging        | |  1.7
Stealth        | |  1.7
Transmutations | |  1.0

Action                   |  1- 3 |  4- 6 |  7- 9 || total
-------------------------+-------+-------+-------++-------
Melee: Unarmed           |    19 |       |       ||    19
       Tailslap          |    14 |    21 |    11 ||    46
       Whip              |    90 |    77 |       ||   167
       Dagger            |       |   136 |    62 ||   198
 Cast: Sandblast         |    27 |    63 |    37 ||   127
       Stone Arrow       |       |       |     7 ||     7
       Lee's Rapid Decon |       |       |     1 ||     1
  Use: Scroll            |       |     6 |       ||     6
       Potion            |       |       |     1 ||     1
 Stab: Sleeping          |     2 |     5 |       ||     7
       Distracted        |       |     1 |       ||     1
Armor: Skin              |    46 |    78 |    15 ||   139
Dodge: Dodged            |   116 |   131 |    39 ||   286

Table legend: (Time is in decaauts)
 A = Elapsed time spent in this place.
 B = Non-inter-level travel time spent in this place.
 C = Inter-level travel time spent in this place.
 D = Time resting spent in this place.
 E = Time spent auto-exploring this place.
 F = Levels seen in this place.
 G = Mean time per level.
                   A        B        C        D        E       F      G
               +--------+--------+--------+--------+--------+-----+--------+
         Total |   9583 |   9297 |    286 |    123 |   8073 |   8 | 1197.9 |
       Dungeon |   9363 |   9092 |    271 |    123 |   7868 |   7 | 1337.6 |
        Temple |    219 |    205 |     14 |      0 |    205 |   1 |  219.0 |
               +--------+--------+--------+--------+--------+-----+--------+

Top non-repeatable levels by time:
     D:2: 2486 daAuts
     D:5: 1626 daAuts
     D:4: 1478 daAuts
     D:3: 1311 daAuts
     D:6: 1121 daAuts
     D:1: 945 daAuts
     D:7: 393 daAuts
  Temple: 219 daAuts
